 Dungeon Crawl Stone Soup version 0.30-a0-862-g1aabd4f9c5 (webtiles) character file.

Game seed: 4835789969609595041

26335 Pooter the Severer (level 12, -9/172 HPs)
             Began as a Minotaur Berserker on Mar 8, 2023.
             Was an Elder of Trog.
             Mangled by an anaconda simulacrum (12 damage)
             ... in an ice cave on Mar 9, 2023.
             The game lasted 01:48:28 (16070 turns).

Pooter the Severer (Minotaur Berserker)            Turns: 16070, Time: 01:48:28

Health: -9/172     AC: 16    Str: 24    XL:     12   Next: 97%
Magic:  11/11      EV:  5    Int:  6    God:    Trog [****..]
Gold:   555        SH:  0    Dex: 11    Spells: 11/11 levels left

rFire   . . .      SeeInvis .    a - +2 great mace (flame)
rCold   + . .      Faith    .    (shield currently unavailable)
rNeg    . . .      Spirit   .    T - +2 chain mail {rC+}
rPois   .          Reflect  .    (helmet restricted)
rElec   .          Rampage  .    x - +2 cloak {Will+}
rCorr   .                        y - +0 pair of gloves
Will    +++..                    K - +0 pair of boots Stlth
                                 L - amulet of regeneration
HPRegen 2.28/turn                (no ring)
MPRegen 0.12/turn                (no ring)

@: berserking, strong-willed, regenerating, constricted, very quick
A: horns 2, retaliatory headbutt
a: Renounce Religion, Berserk, Trog's Hand, Brothers in Arms


You were in an ice cave.
You worshipped Trog.
Trog was greatly pleased with you.
You visited 3 branches of the dungeon, and saw 14 of its levels.
You also visited: Sewer, Bailey, Ice Cave and Volcano.

You collected 1838 gold pieces.
You spent 1283 gold pieces at shops.

Inventory:

Hand Weapons
 a - a +2 great mace of flaming (weapon)
   (You found it in a volcano)
 b - a +0 arbalest
   (You bought it in a shop on level 7 of the Dungeon)
 m - a +0 broad axe of flaming
   (You found it on level 2 of the Dungeon)
 s - a +0 morningstar of protection
   (You took it off Terence on level 3 of the Dungeon)
 C - a +5 trident of venom
   (You took it off Harold on level 9 of the Dungeon)
 D - a +1 broad axe of freezing
   (You took it off an orc warrior on level 2 of the Orcish Mines)
 N - a +3 war axe
   (You took it off a wight on level 9 of the Dungeon)
 S - a +0 battleaxe
   (You found it on level 10 of the Dungeon)
Missiles
 h - 41 poisoned darts
 q - 5 throwing nets {!f}
 v - 21 boomerangs (quivered)
 E - a silver javelin
 P - 2 curare-tipped darts
 Q - 73 stones
Armour
 j - a +4 plate armour
   (You took it off an orc warrior on level 10 of the Dungeon)
 x - a +2 cloak of willpower (worn)
   (You took it off Crazy Yiuf on level 4 of the Dungeon)
 y - a +0 pair of gloves (worn)
   (You found it on level 4 of the Dungeon)
 A - +0 fire dragon scales
   (You found it in a volcano)
 I - a +3 plate armour of fire resistance
   (You found it in a volcano)
 K - a +0 pair of boots (worn)
   (You found it on level 5 of the Dungeon)
 T - a +2 chain mail of cold resistance (worn)
   (You found it in an ice cave)
Jewellery
 H - a +6 ring of intelligence
   (You found it on level 5 of the Dungeon)
 L - an amulet of regeneration (around neck)
   (You found it on level 5 of the Dungeon)
Wands
 d - a wand of iceblast (1)
   (You found it on level 10 of the Dungeon)
 f - a wand of flame (5)
   (You found it on level 9 of the Dungeon)
 u - a wand of paralysis (11)
   (You took it off a gnoll on level 7 of the Dungeon)
Scrolls
 i - 2 scrolls of identify {@r1}
 o - 2 scrolls of immolation {!r}
 p - 3 scrolls of poison {!r}
 t - 7 scrolls of teleportation {@r4}
 z - a scroll of magic mapping
 J - a scroll of noise {!r}
 R - 4 scrolls of blinking
Potions
 c - 3 potions of heal wounds {@q2}
 e - 5 potions of might
 k - a potion of ambrosia
 l - a potion of mutation {!q}
 n - a potion of resistance
 r - a potion of curing {@q1}
 w - 2 potions of lignification {!q}
 B - a potion of invisibility
 F - 2 potions of cancellation
 G - 4 potions of haste {@q3}
 M - 3 potions of flight
 O - 6 potions of attraction {!q}
Miscellaneous
 g - a condenser vane
   (You bought it in a shop on level 1 of the Orcish Mines)


   Skills:
 + Level 13.3 Fighting
 * Level 16.4 Axes
 * Level 12.9 Ranged Weapons
 - Level 2.4 Armour
 - Level 2.1 Dodging
 - Level 6.2 Stealth


You had 11 spell levels left.
You didn't know any spells.
Your spell library was empty.

Dungeon Overview and Level Annotations

Branches:
Dungeon (10/15)            Temple (0/1) D:5            Lair (2/5) D:10
    Orc (2/2) D:10            Elf (0/3) Orc:2         Sewer (visited)
 Bailey (visited)           IceCv (1/1)             Volcano (visited)
  Swamp: Lair:2-3    Shoals: Lair:2-3     Snake: Lair:2-3    Spider: Lair:2-3

Altars:
Ashenzari
Cheibriados
Dithmenos
Elyvilon
Fedhas
Gozag
Hepliaklqana
Kikubaaqudgha
Makhleb
Okawaru
Sif Muna
Vehumet
Wu Jian
Yredelemnul

Shops:
D:5 (   D:7 (   Orc:1 *   Orc:2 ?!(:

Annotations:
D:6 2 runed translucent doors, dhel's ghost, novice DjFE
D:8 3 runed translucent doors, luigi's ghost, novice OpSu


Innate Abilities, Weirdness & Mutations

You have a pair of horns on your head.
You reflexively headbutt those who attack you in melee.


Message History

You feel strong-willed. The harpy simulacrum barely misses you.
You furiously retaliate!
You headbutt the harpy simulacrum! Trog accepts your kill.
The anaconda simulacrum grabs you.
The anaconda simulacrum bites you but does no damage.
The anaconda simulacrum constricts you.
You bludgeon the anaconda simulacrum!!
You melt the anaconda simulacrum!
Your headbutt misses the anaconda simulacrum.
The anaconda simulacrum bites you. The anaconda simulacrum freezes you!
You resist. The anaconda simulacrum constricts you.
The anaconda simulacrum bites you! The anaconda simulacrum freezes you!
You resist.
* * * LOW HITPOINT WARNING * * *
The anaconda simulacrum constricts you.
* * * LOW HITPOINT WARNING * * *
Unknown command.
You hit the anaconda simulacrum but do no damage.
The anaconda simulacrum bites you!
* * * LOW HITPOINT WARNING * * *
The anaconda simulacrum freezes you! You resist.
* * * LOW HITPOINT WARNING * * *
The anaconda simulacrum constricts you.
* * * LOW HITPOINT WARNING * * *
The anaconda simulacrum completely misses you.
The anaconda simulacrum constricts you.
* * * LOW HITPOINT WARNING * * *
A red film seems to cover your vision as you go berserk!
You feel yourself moving faster!
You feel mighty! The anaconda simulacrum bites you.
* * * LOW HITPOINT WARNING * * *
The anaconda simulacrum freezes you! You resist.
* * * LOW HITPOINT WARNING * * *
The anaconda simulacrum constricts you.
The three-headed hydra simulacrum bites you.
* * * LOW HITPOINT WARNING * * *
The three-headed hydra simulacrum freezes you!
You resist.
* * * LOW HITPOINT WARNING * * *
The three-headed hydra simulacrum bites you but does no damage.
The three-headed hydra simulacrum bites you.
* * * LOW HITPOINT WARNING * * *
The three-headed hydra simulacrum freezes you!!
You resist.
* * * LOW HITPOINT WARNING * * *
You closely miss the anaconda simulacrum.
The anaconda simulacrum bites you.
* * * LOW HITPOINT WARNING * * *
The anaconda simulacrum freezes you! You resist.
You die...

#≈≈≈# ###
##.....###..#
#≈≈≈#
##...###..##
#≈≈##
###.###...#
##.#
##.#####..##
#.
#...###..## .
##......##
#..#....#
#.####.##
#@.# ### #ZZ#
##... #...⌠
###..# .# #


You could see an anaconda simulacrum and a three-headed hydra simulacrum.

Vanquished Creatures
  A fire dragon (Volcano)
  Harold (D:9)
  A catoblepas (Lair:1)
  A boulder beetle (D:8)
  2 two-headed ogres
  2 orc high priests (Orc:2)
  2 lindwurms
  2 orc knights
  8 orc sorcerers
  Joseph (D:7)
  A cane toad (Lair:1)
  A komodo dragon (Lair:2)
  2 ice devils (Lair:2)
  4 trolls
  3 blink frogs (Lair:1)
  8 yaks
  A wraith (D:10)
  8 fire bats (Volcano)
  A basilisk (Lair:2)
  5 steam dragons
  Menkaure (D:4)
  A harpy simulacrum (IceCv)
  3 wargs (Orc:2)
  2 hell hounds (Volcano)
  4 water moccasins
  A swamp drake (D:10)
  30 orc warriors
  An ice beast (D:7)
  4 black bears
  7 ogres
  4 centaurs
  3 phantoms
  7 kobold brigands
  5 bullfrogs
  A cane toad simulacrum (IceCv)
  A gnoll sergeant (D:7)
  A scorpion (D:6)
  A two-headed ogre simulacrum (IceCv)
  4 wights (D:9)
  12 killer bees
  A howler monkey (D:5)
  7 lava snakes (Volcano)
  10 hounds
  25 orc priests
  3 jellies
  Crazy Yiuf (D:4)
  A sleepcap (D:6)
  Natasha (thrice) (D:4)
  An iguana (D:6)
  32 orc wizards
  2 spriggan simulacra (IceCv)
  Terence (D:3)
  A troll simulacrum (IceCv)
  24 gnolls
  2 river rats (Sewer)
  13 adders
  A shadow imp (D:5)
  3 white imps
  4 ufetubi
  6 worms
  5 dart slugs
  88 orcs
  9 endoplasms
  10 giant cockroaches
  7 goblins
  13 hobgoblins
  6 jackals
  4 quokkas
  10 ball pythons
  7 bats
  4 frilled lizards
  23 kobolds
  8 rats
483 creatures vanquished.

Vanquished Creatures (collateral kills)
  2 blink frogs (Lair:1)
2 creatures vanquished.

Vanquished Creatures (others)
  A gnoll (D:8)
  3 orcs (D:10)
  2 fungi
  13 plants
19 creatures vanquished.

Grand Total: 504 creatures vanquished

Notes
Turn   | Place    | Note
-------+----------+-------------------------------------------
     0 | D:1      | Pooter the Minotaur Berserker began the quest for the Orb.
     0 | D:1      | Reached XP level 1. HP: 19/19 MP: 0/0
   150 | D:1      | Reached XP level 2. HP: 27/27 MP: 1/1
   156 | D:1      | Found a faded altar of an unknown god.
   260 | D:1      | Reached skill level 1 in Stealth
   717 | D:2      | Reached XP level 3. HP: 25/33 MP: 2/2
   719 | D:2      | Reached ** piety under Trog
   720 | D:2      | Reached skill level 4 in Axes
  1258 | D:2      | Reached XP level 4. HP: 39/41 MP: 3/3
  1668 | D:3      | Noticed Terence
  1678 | D:3      | Killed Terence
  1679 | D:3      | Reached skill level 5 in Fighting
  1785 | D:3      | Reached XP level 5. HP: 41/48 MP: 4/4
  2065 | D:3      | Reached skill level 5 in Axes
  2265 | D:3      | Reached *** piety under Trog
  2342 | D:4      | Noticed Natasha
  2349 | D:4      | Killed Natasha
  2416 | D:4      | Reached XP level 6. HP: 56/56 MP: 5/5
  2501 | D:4      | Noticed Menkaure
  2508 | D:4      | Killed Menkaure
  2651 | D:4      | Reached skill level 6 in Axes
  2654 | D:4      | Reached XP level 7. HP: 64/64 MP: 6/6
  3108 | D:4      | Noticed Natasha
  3118 | D:4      | Killed Natasha
  3166 | D:4      | Noticed Natasha
  3172 | D:4      | Killed Natasha
  3231 | D:4      | Found a runed translucent door.
  3232 | D:4      | Noticed Crazy Yiuf
  3238 | D:4      | Killed Crazy Yiuf
  3501 | D:4      | Identified the +2 hammer of Distant Worlds {heavy, Int+3
                  | Dex+4}
  3559 | D:5      | Entered Level 5 of the Dungeon
  3563 | D:5      | Found a staircase to the Ecumenical Temple.
  3595 | D:5      | Reached skill level 7 in Axes
  3596 | D:5      | Found Olotooch's Weapon Shoppe.
  3628 | D:5      | Found a glowing drain.
  3650 | D:5      | Reached **** piety under Trog
  3658 | Sewer    | Entered a sewer
  3891 | Sewer    | Reached XP level 8. HP: 50/73 MP: 7/7
  4329 | Sewer    | Reached skill level 5 in Stealth
  4795 | D:5      | Found a blossoming altar of Fedhas.
  4917 | D:5      | Reached skill level 8 in Axes
  5041 | D:5      | Found a broken altar of Ashenzari.
  5044 | D:5      | Found a burning altar of Makhleb.
  5047 | D:5      | Found an ornate altar of the Wu Jian Council.
  5050 | D:5      | Found a hazy altar of Hepliaklqana.
  5435 | D:6      | Reached XP level 9. HP: 82/82 MP: 8/8
  5736 | D:6      | Reached skill level 9 in Axes
  5843 | D:6      | Reached skill level 1 in Ranged Weapons
  6198 | D:6      | Found a large runed translucent door.
  6198 | D:6      | Found a large runed translucent door.
  6200 | D:6      | Noticed dhel's ghost (novice DjFE)
  6709 | D:7      | Noticed Joseph
  6729 | D:7      | Killed Joseph
  6730 | D:7      | Reached skill level 10 in Axes
  7023 | D:7      | Found Kecin's Weapon Shoppe.
  7032 | D:7      | Bought a +0 arbalest for 63 gold pieces
  7056 | D:7      | Reached skill level 5 in Ranged Weapons
  7161 | D:7      | Reached skill level 10 in Fighting
  7385 | D:7      | Reached XP level 10. HP: 34/93 MP: 9/9
  7587 | D:8      | Noticed a two-headed ogre
  7666 | D:8      | Reached skill level 11 in Axes
  7668 | D:8      | Killed a two-headed ogre
  7701 | D:8      | Found an opulent altar of Gozag.
  7702 | D:8      | Found a radiant altar of Vehumet.
  7702 | D:8      | Found an ancient bone altar of Kikubaaqudgha.
  7707 | D:8      | Found a snail-covered altar of Cheibriados.
  7712 | D:8      | Noticed a boulder beetle
  7726 | D:8      | Killed a boulder beetle
  7751 | D:8      | Found a flagged portal.
  7948 | D:8      | Found a runed translucent gate.
  7948 | D:8      | Found a runed translucent gate.
  7948 | D:8      | Found a runed translucent gate.
  7951 | D:8      | Noticed luigi's ghost (novice OpSu)
  8025 | D:8      | Found a basalt altar of Yredelemnul.
  8089 | Bailey   | Entered a bailey
  8113 | Bailey   | Reached skill level 12 in Axes
  8257 | Bailey   | HP: 4/94 [orc/bolt (11)]
  8416 | D:8      | Found a shadowy altar of Dithmenos.
  8715 | D:9      | Noticed a two-headed ogre
  8723 | D:9      | Killed a two-headed ogre
  9310 | D:9      | Noticed Harold
  9320 | D:9      | Killed Harold
  9321 | D:9      | Reached XP level 11. HP: 97/102 MP: 10/10
  9418 | D:9      | Found an iron altar of Okawaru.
  9517 | D:10     | Entered Level 10 of the Dungeon
  9647 | D:10     | Found a shimmering blue altar of Sif Muna.
  9763 | D:10     | Reached skill level 13 in Axes
  9767 | D:10     | Found a white marble altar of Elyvilon.
  9900 | D:10     | Found a staircase to the Lair.
  9983 | D:10     | Found a staircase to the Orcish Mines.
 10083 | Orc:1    | Entered Level 1 of the Orcish Mines
 10136 | Orc:1    | Noticed an orc sorcerer
 10153 | Orc:1    | Killed an orc sorcerer
 10198 | Orc:1    | Noticed an orc knight
 10210 | Orc:1    | Killed an orc knight
 10370 | Orc:1    | Noticed an orc sorcerer
 10385 | Orc:1    | Killed an orc sorcerer
 10406 | Orc:1    | Reached skill level 10 in Ranged Weapons
 10468 | Orc:1    | Found Plog's Gadget Gallery.
 10486 | Orc:1    | Bought a condenser vane for 600 gold pieces
 10591 | Orc:2    | Entered Level 2 of the Orcish Mines
 10595 | Orc:2    | Reached skill level 14 in Axes
 10605 | Orc:2    | Found a staircase to the Elven Halls.
 11016 | Orc:2    | Noticed an orc knight
 11031 | Orc:2    | Killed an orc knight
 11294 | Orc:2    | Noticed an orc high priest
 11296 | Orc:2    | Noticed an orc sorcerer
 11297 | Orc:2    | Noticed a sixfirhy
 11298 | Orc:2    | Noticed an orc sorcerer
 11298 | Orc:2    | Noticed an orc high priest
 12026 | Orc:2    | Noticed a sixfirhy
 12096 | Orc:1    | Killed an orc sorcerer
 12146 | Orc:2    | Killed an orc sorcerer
 12147 | Orc:2    | Reached XP level 12. HP: 112/112 MP: 11/11
 12924 | Orc:2    | Killed an orc high priest
 13397 | Orc:2    | Reached skill level 15 in Axes
 13586 | Orc:2    | Found Hilor's Distillery.
 13586 | Orc:2    | Found Elel's Magic Scroll Shop.
 13587 | Orc:2    | Found Fikoziux's Weapon Boutique.
 13591 | Orc:2    | Found Filiamij's Book Boutique.
 13594 | Orc:2    | Bought a potion of might for 68 gold pieces
 13594 | Orc:2    | Bought a potion of flight for 51 gold pieces
 13594 | Orc:2    | Bought a potion of cancellation for 136 gold pieces
 13597 | Orc:2    | Bought a scroll of identify for 20 gold pieces
 13597 | Orc:2    | Bought a scroll of blinking for 75 gold pieces
 13597 | Orc:2    | Bought a scroll of brand weapon for 95 gold pieces
 13597 | Orc:2    | Bought a scroll of magic mapping for 75 gold pieces
 13597 | Orc:2    | Bought 3 scrolls of identify for 60 gold pieces
 13597 | Orc:2    | Bought a scroll of poison for 40 gold pieces
 14006 | Orc:2    | Killed an orc high priest
 14111 | Lair:1   | Entered Level 1 of the Lair of Beasts
 14207 | Lair:1   | Noticed a catoblepas
 14217 | Lair:1   | Killed a catoblepas
 14657 | Lair:1   | Found a dark tunnel.
 14700 | Volcano  | Entered a volcano
 14930 | Volcano  | Noticed a fire dragon
 14936 | Volcano  | Reached skill level 16 in Axes
 14944 | Volcano  | Killed a fire dragon
 15081 | Volcano  | Found a burning altar of Makhleb.
 15386 | Lair:2   | Found a frozen archway.
 15395 | IceCv    | Entered an ice cave
 16069 | IceCv    | HP: 6/172 [three-headed hydra simulacrum (18)]
 16070 | IceCv    | Mangled by an anaconda simulacrum

Illustrated notes

Levels and vault maps discovered:
D:1:      ncdulo_halloftheorcs, layout_rooms,
          hellmonk_ecumenical_altar_arch_garden, serial_forest,
          infiniplex_forest_diagonal, infiniplex_forest_lined_4_way,
          infiniplex_forest_lined_2, infiniplex_forest_end_3,
          infiniplex_forest_lined_room_3, infiniplex_forest_zigzag_2,
          infiniplex_forest_corner_1
D:2:      wad_lake_hut, layout_basic, minmay_close_crescents
D:3:      layout_loops_ring, uniq_terence
D:4:      layout_loops_ring, grunt_ministairs_12, small_statue_intersection,
          kennysheep_pointless_box, uniq_crazy_yiuf_cottage, uniq_natasha,
          uniq_menkaure
D:5:      layout_loops_cross, mainiacjoe_overflow_alcove_4,
          grunt_temple_overflow_cloverleaf, minmay_temple_entry_junction,
          serial_shops, shop, gup_sewer_entry_glass, serial_bayou_pond_b,
          grunt_decor_cap
D:6:      layout_loops_corners, ebering_ghost_disaster_area
D:7:      layout_loops_corners, serial_shops, nicolae_shop_bloodbath_and_beyond,
          uniq_joseph
D:8:      layout_basic, kennysheep_mini_moat, mainiacjoe_overflow_tiny_flanked,
          chequers_temple_overflow_statue_of_worship, ebering_ghost_rock_garden,
          enter_bailey_7, minmay_misc_feat_doors, amcnicky_mini_pool_small
D:9:      layout_loops_ring, kennysheep_little_box, uniq_harold
D:10:     layout_basic, mainiacjoe_overflow_six_doors_small,
          nicolae_sif_muna_little_library, lemuel_crystal_altar,
          lair_entry_dummy, erik_orc_1
Lair:1:   layout_roguey, nicolae_volcano_entry_vermiform
Lair:2:   layout_roguey, elwin_shoals_entry_rooms, serial_forest,
          infiniplex_forest_corner_1, infiniplex_forest_lined_4_way,
          infiniplex_forest_end_2, infiniplex_forest_corner_2,
          infiniplex_forest_corner_1, infiniplex_forest_lined_corner,
          infiniplex_forest_lined_room_2, portal_ice_cave_demonic_guard,
          lemuel_fruit_tree, uniq_maggie
Orc:1:    layout_diamond_mine, nicolae_shop_gadgets
Orc:2:    st_orc_mages, layout_caves, nicolae_orc_flooded_monolith
IceCv:    ice_cave_caverns_02

Skill      XL: |  1  2  3  4  5  6  7  8  9 10 11 12 |
---------------+-------------------------------------+-----
Fighting       | 4 5 6 7 8 10 11 12 13 | 13.3
Stealth        | 1 2 3 4 6 |  6.2
Axes           | 4 5 6 7 8 10 12 14 16 | 16.4
Ranged Weapons | 5 8 10 12 | 12.9
Armour         | |  2.4
Dodging        | |  2.1

Action                     |  1- 3 |  4- 6 |  7- 9 | 10-12 || total
---------------------------+-------+-------+-------+-------++-------
  Melee: Hand axe          |    76 |       |       |       ||    76
         Headbutt          |    10 |    23 |    57 |    65 ||   155
         Broad axe         |    21 |    94 |   361 |   410 ||   886
         Punch             |     1 |     1 |     3 |     4 ||     9
         Great mace        |       |       |       |    10 ||    10
         Trident           |       |       |       |     9 ||     9
   Fire: Shortbow          |       |       |    24 |       ||    24
         Arbalest          |       |       |     7 |   293 ||   300
  Throw: Stone             |       |       |     6 |       ||     6
         Javelin           |       |       |     6 |     1 ||     7
         Throwing net      |       |       |     2 |       ||     2
         Dart              |       |       |     2 |     1 ||     3
         Boomerang         |       |       |       |     5 ||     5
 Invoke: Berserk           |     2 |     5 |    13 |    16 ||    36
         Trog's Hand       |       |     2 |    10 |    31 ||    43
         Brothers in Arms  |       |       |       |     1 ||     1
  Evoke: Wand              |       |       |       |     9 ||     9
         Condenser vane    |       |       |       |     1 ||     1
    Use: Scroll            |     6 |     3 |     5 |    18 ||    32
         Potion            |       |       |       |     2 ||     2
   Stab: Paralysed         |       |       |       |     3 ||     3
 Armour: Animal skin       |     6 |       |       |       ||     6
         Ring mail         |    22 |       |       |       ||    22
         Scale mail        |     6 |     8 |       |       ||    14
         Chain mail        |       |    46 |   241 |   132 ||   419
         Plate armour      |       |       |       |   209 ||   209
  Dodge: Dodged            |    66 |    45 |   164 |   215 ||   490

Table legend: (Time is in decaauts)
 A = Elapsed time spent in this place.
 B = Non-inter-level travel time spent in this place.
 C = Inter-level travel time spent in this place.
 D = Time resting spent in this place.
 E = Time spent auto-exploring this place.
 F = Levels seen in this place.
 G = Mean time per level.
                   A        B        C        D        E       F      G
               +--------+--------+--------+--------+--------+-----+--------+
         Total |  16912 |  16426 |    486 |   4764 |   7457 |  18 |  939.6 |
       Dungeon |   9385 |   8976 |    409 |   1347 |   5568 |  10 |  938.5 |
          Lair |    792 |    764 |     28 |     40 |    535 |   2 |  396.0 |
  Orcish Mines |   4165 |   4117 |     48 |   2332 |    610 |   2 | 2082.5 |
         Sewer |   1170 |   1170 |      0 |    225 |    666 |   1 | 1170.0 |
        Bailey |    201 |    201 |      0 |     69 |      0 |   1 |  201.0 |
      Ice Cave |    681 |    681 |      0 |    582 |     16 |   1 |  681.0 |
       Volcano |    516 |    516 |      0 |    166 |     60 |   1 |  516.0 |
               +--------+--------+--------+--------+--------+-----+--------+

Top non-repeatable levels by time:
   Orc:2: 3231 daAuts
     D:4: 1322 daAuts
     D:6: 1251 daAuts
   Sewer: 1170 daAuts
     D:7: 1155 daAuts
     D:2: 1016 daAuts
   Orc:1: 933 daAuts
     D:9: 926 daAuts
     D:8: 840 daAuts
     D:5: 834 daAuts
     D:3: 752 daAuts
  Lair:1: 704 daAuts
   IceCv: 681 daAuts
     D:1: 668 daAuts
    D:10: 617 daAuts
